 Dungeon Crawl Stone Soup version 0.30.0-5-g1a98f26d00 (webtiles) character file.

Game seed: 17417690951912338844

1002 H0rd4k the Cutter (level 8, -3/58 HPs)
             Began as a Human Artificer on May 8, 2023.
             Was an Initiate of Gozag.
             Shot with a bolt by an orc warrior (18 damage)
             ... on level 6 of the Dungeon.
             The game lasted 00:06:11 (5070 turns).

H0rd4k the Cutter (Human Artificer)                 Turns: 5070, Time: 00:06:16

Health: -3/58      AC:  5    Str: 12    XL:     8   Next: 43%
Magic:  11/11      EV: 12    Int: 15    God:    Gozag
Gold:   589        SH:  0    Dex: 13    Spells: 12/12 levels left

rFire   . . .        w - +4 dagger (venom)
rCold   . . .        (no shield)
rNeg    . . .        b - +0 leather armour
rPois   .            z - +1 hat
rElec   .            (no cloak)
rCorr   .            (no gloves)
SInv    .            o - +0 pair of boots
Will    .....        j - amulet of regeneration
Stlth   ++           y - ring of wizardry
HPRegen 1.09/turn    (no ring)
MPRegen 0.12/turn

%: wizardry (x1)
@: gold aura
A: no striking features
a: Renounce Religion, Potion Petition, Call Merchant, Bribe Branch


You were on level 6 of the Dungeon.
You worshipped Gozag.
Gozag was pleased with you.
You visited 2 branches of the dungeon, and saw 7 of its levels.

You collected 667 gold pieces.
You paid 78 gold pieces to Gozag.

Inventory:

Hand Weapons
 w - a +4 dagger of venom (weapon)
Armour
 b - a +0 leather armour (worn)
 g - an orb of guile
 o - a +0 pair of boots (worn)
 z - a +1 hat (worn)
Jewellery
 j - an amulet of regeneration (around neck)
 y - a ring of wizardry (left hand)
Wands
 c - a wand of flame (22) (quivered)
 d - a wand of charming (14)
 e - a wand of iceblast (5)
 m - a wand of quicksilver (8)
Scrolls
 a - 2 scrolls of teleportation {unknown}
 f - 3 scrolls of identify {unknown}
 h - a scroll of acquirement {unknown}
 t - 2 scrolls of poison {unknown}
 u - 2 scrolls of vulnerability {unknown}
 v - a scroll of enchant weapon {unknown}
 x - a scroll of fog {unknown}
Potions
 i - 3 potions of heal wounds {unknown}
 k - 2 potions of curing {unknown}
 l - a potion of haste {unknown}
 n - a potion of mutation {unknown}
 p - 3 potions of berserk rage
 q - 4 potions of might {unknown}
 r - a potion of invisibility {unknown}
 s - a potion of brilliance {unknown}


   Skills:
 + Level 3.4 Fighting
 + Level 4.6 Short Blades
 - Level 0.5 Maces & Flails
 - Level 2.0 Armour
 + Level 3.6 Dodging
 + Level 3.8 Stealth
 * Level 2.6 Spellcasting
 + Level 4.4 Evocations


You had 12 spell levels left.
You didn't know any spells.
Your spell library contained the following spells:

 Spells                   Type           Power      Damage    Failure   Level
 Slow                     Hex            4%         N/A       11%         1
 Sting                    Tmut/Pois      4%         1d3       11%         1
 Ensorcelled Hibernation  Hex/Ice        2%         N/A       16%         2
 Poisonous Vapours        Pois/Air       2%         N/A       16%         2
 Confusing Touch          Hex            1%         N/A       32%         3
 Frozen Ramparts          Ice            2%         1d1       32%         3
 Spider Form              Tmut/Pois      1%         N/A       32%         3
 Vampiric Draining        Necr           1%         2d6       32%         3
 Anguish                  Hex/Necr       0%         N/A       69%         4
 Ice Form                 Ice/Tmut       1%         N/A       69%         4
 Olgreb's Toxic Radiance  Pois           1%         N/A       69%         4
 Summon Ice Beast         Ice/Summ       1%         N/A       69%         4


Dungeon Overview and Level Annotations

Branches:
Dungeon (6/15)             Temple (1/1) D:4

Altars:
Ashenzari
Cheibriados
Dithmenos
Elyvilon
Fedhas
Gozag
Kikubaaqudgha
Makhleb
Okawaru
Qazlal
Ru
Sif Muna
Trog
Uskayaw
Wu Jian
Xom
Yredelemnul
The Shining One

Shops:
D:3 ?([([

Annotations:
D:5 1 exclusion
D:6 exclusion: human


Message History

The iguana bites you but does no damage.
You hit the iguana.
You kill the iguana!
The orc hits you with a +0 hand axe.
You see here 3 gold pieces.
You hit the orc.
The orc is poisoned.
The orc is moderately wounded.
The orc hits you with a +0 hand axe.
You hit the orc.
You kill the orc!
The orc priest mumbles some strange prayers to Beogh against you.
Beogh smites you!
You hit the orc.
The orc is heavily wounded.
The orc priest invokes the aid of Beogh against you.
Beogh smites you!
* * * LOW HITPOINT WARNING * * *
The orc hits you but does no damage.
You barely miss the orc.
The orc is heavily wounded.
The orc priest looks satisfied for a moment.
The orc closely misses you.
You hit the orc.
You kill the orc!
Aiming: Quicksilver Bolt
Press: ? - help, Shift-Dir - straight line, f - orc priest
Aim: an orc priest, wielding a +0 flail, wearing a +0 leather armour and carrying a wand of iceblast (5) (74% to hit)
The bolt of dispelling energy hits the orc priest!
The orc priest is almost dead.
An ice beast comes into view.
The orc priest is distracted by your dazzling golden aura.
Items here: $ ))) [[.
You strike the helpless orc priest from behind!
You impale the orc priest!!
You kill the orc priest!
The orc warrior shouts!
The orc warrior unwields a +0 scimitar.
The orc warrior wields a +0 arbalest.
The orc warrior shoots a bolt.
The bolt hits you!!
You die...
Your body crumbles into a pile of gold.

#.......#
#.......####
##..........
#......###
##..######
##.##...#
#.##...### ..
#$##..... ...
#@##...###.##
#$##.........
#............
#..#.....###
#Y.#.ol.##
#..###o##
...##.o#
###.o..#o
##..# ..


You could see an orc warrior and an ice beast.

Vanquished Creatures
  2 black bears
  An ogre (D:5)
  A centaur (D:5)
  2 phantoms
  A jelly (D:5)
  A hound (D:5)
  4 orc priests
  Ijyb (D:4)
  2 iguanas
  An orc wizard (D:6)
  5 adders
  6 gnolls
  A white imp (D:5)
  3 worms
  4 dart slugs
  16 orcs
  10 ball pythons
  4 bats
  5 endoplasms
  4 giant cockroaches
  8 goblins
  12 hobgoblins
  4 jackals
  6 kobolds
  4 quokkas
  4 frilled lizards
  8 rats
120 creatures vanquished.

Vanquished Creatures (collateral kills)
  A gnoll (D:3)
1 creature vanquished.

Grand Total: 121 creatures vanquished

Notes
Turn   | Place    | Note
-------+----------+-------------------------------------------
     0 | D:1      | H0rd4k the Human Artificer began the quest for the Orb.
     0 | D:1      | Reached XP level 1. HP: 15/15 MP: 1/1
   151 | D:1      | Reached XP level 2. HP: 21/21 MP: 2/2
   676 | D:1      | Reached XP level 3. HP: 26/26 MP: 3/3
   679 | D:1      | Found a faded altar of an unknown god.
  1624 | D:2      | Reached XP level 4. HP: 16/32 MP: 4/4
  2254 | D:3      | Found Bihywam's Antique Weapon Shoppe.
  2294 | D:3      | Found Bageotz's Antique Armour Shop.
  2345 | D:3      | Reached skill level 1 in Short Blades
  2363 | D:3      | Reached XP level 5. HP: 10/38 MP: 5/5
  2576 | D:3      | Found Baweh's Antique Weapon Shop.
  2600 | D:3      | Found Owakhen's Magic Scroll Boutique.
  2809 | D:3      | Found Aclophuacog's Armour Boutique.
  2898 | D:4      | Noticed a black bear
  2907 | D:4      | Killed a black bear
  2908 | D:4      | Reached XP level 6. HP: 28/44 MP: 6/6
  3089 | D:4      | Found a staircase to the Ecumenical Temple.
  3123 | Temple   | Entered the Ecumenical Temple
  3245 | Temple   | Became a worshipper of Gozag Ym Sagoz the Greedy
  3271 | D:4      | Noticed Ijyb
  3291 | D:4      | Killed Ijyb
  3724 | D:4      | Reached skill level 1 in Spellcasting
  3733 | D:3      | Reached XP level 7. HP: 21/51 MP: 8/8
  4109 | D:5      | Entered Level 5 of the Dungeon
  4342 | D:5      | Found a stormy altar of Qazlal.
  4342 | D:5      | Noticed a water elemental
  4446 | D:5      | Noticed an air elemental
  4447 | D:5      | Noticed a fire elemental
  4554 | D:5      | Reached XP level 8. HP: 51/58 MP: 9/11
  4929 | D:6      | Noticed a human
  5070 | D:6      | Shot with a bolt by an orc warrior

Illustrated notes

Levels and vault maps discovered:
D:1:      minmay_arrival_wavy_path, layout_basic, basic_ecumenical_altar,
          minmay_shallow_snake_nest
D:2:      layout_basic
D:3:      layout_rooms, serial_shops, nicolae_shop_peninsula, shop_statue, shop,
          shop, nicolae_lakefront_shop, serial_bayou_pond_e
D:4:      layout_loops_cross, minmay_temple_entry_antechambers, uniq_ijyb
D:5:      layout_loops_cross, nicolae_qazlal_style_of_elements,
          hangedman_decor_diamond_cutter, minmay_door_square, water_maze_lemuel
D:6:      layout_rooms, minmay_ruffians, uniq_crazy_yiuf_cottage, uniq_menkaure
Temple:   sentei_temple_godly_chess

Skill      XL: |  1  2  3  4  5  6  7 |
---------------+----------------------+-----
Evocations     | 4 |  4.4
Short Blades   | 1 2 3 4 |  4.6
Dodging        | 2 3 |  3.6
Stealth        | 2 3 |  3.8
Fighting       | 2 3 |  3.4
Spellcasting   | 1 2 |  2.6
Maces & Flails | |  0.5
Armour         | |  2.0

Action                     |  1- 3 |  4- 6 |  7- 9 || total
---------------------------+-------+-------+-------++-------
  Melee: Club              |    45 |       |       ||    45
         Mace              |    16 |       |       ||    16
         Dagger            |    51 |   137 |   131 ||   319
         Punch             |       |     2 |     3 ||     5
  Evoke: Wand              |     4 |    10 |     1 ||    15
   Stab: Sleeping          |     2 |     4 |     3 ||     9
         Distracted        |       |       |     1 ||     1
 Armour: Leather armour    |    41 |    23 |    24 ||    88
  Dodge: Dodged            |    68 |    76 |    54 ||   198
